 Dungeon Crawl Stone Soup version 0.21-a0-404-g291f19a (webtiles) character file.

10338 kae the Geomancer (level 11, -9/54 HPs)
             Began as a Gargoyle Earth Elementalist on Oct 26, 2017.
             Was a Priest of Vehumet.
             Killed from afar by an ogre mage (58 damage)
             ... with a crystal spear
             ... on level 11 of the Dungeon.
             The game lasted 00:14:46 (11704 turns).

kae the Geomancer (Gargoyle Earth Elementalist)    Turns: 11704, Time: 00:14:46

Health: -9/54      AC: 12    Str: 12    XL:     11   Next: 60%
Magic:  18/26      EV: 12    Int: 19    God:    Vehumet [***...]
Gold:   627        SH:  0    Dex:  8    Spells: 21/32 levels left

rFire    . . .     SeeInvis .   m - +3 dagger (venom)
rCold    . . .     Gourm    .   (no shield)
rNeg     + + +     Faith    .   c - +0 robe
rPois    ∞         Spirit   .   (no helmet)
rElec    +         Reflect  .   n - +1 cloak
rCorr    .         Harm     .   (no gloves)
MR       .....                  (no boots)
Stlth    ++........             (no amulet)
HPRegen  0.18/turn              I - ring "Xuyqia" {Wiz rElec rPois rN+ Dex-2}
MPRegen  0.20/turn              w - ring of positive energy

@: no status effects
A: negative energy resistance 1, electricity resistance, unbreathing,
petrification resistance, rot immunity, AC +8
a: Renounce Religion


You were on level 11 of the Dungeon.
You worshipped Vehumet.
Vehumet was most pleased with you.
You were not hungry.

You visited 2 branches of the dungeon, and saw 12 of its levels.

You collected 627 gold pieces.

Inventory:

Hand Weapons
 m - a +3 dagger of venom (weapon)
Missiles
 b - 62 stones (quivered)
Armour
 c - a +0 robe (worn)
 n - a +1 cloak (worn)
Jewellery
 l - an uncursed ring of resist corrosion
 p - an uncursed ring of positive energy
 u - a +3 ring of dexterity
 w - a ring of positive energy (right hand)
 I - the ring "Xuyqia" (left hand) {Wiz rElec rPois rN+ Dex-2}
   (You acquired it on level 10 of the Dungeon)

   [ring of wizardry]

   It improves your spell success rate.
   It affects your dexterity (-2).
   It insulates you from electricity.
   It protects you from poison.
   It protects you from negative energy.
Wands
 x - a wand of flame (23/48)
 A - a wand of confusion (28/48)
 M - a wand of iceblast (10/15)
 N - a wand of acid (7/15)
 O - a wand of polymorph (10/24)
 P - a wand of random effects (20/48)
Scrolls
 f - 8 scrolls of teleportation
 h - 9 scrolls of remove curse
 o - 3 scrolls of recharging
 D - a scroll of blinking
 F - 2 scrolls of enchant armour
 H - a scroll of fear
Potions
 a - 3 potions of agility
 i - 3 potions of curing
 k - a potion of brilliance
 s - 4 potions of lignification
 t - 4 potions of flight
 z - a potion of might
 C - a potion of magic
 G - a potion of invisibility
 J - 2 potions of heal wounds
Books
 e - a book of Geomancy

   Spells                             Type                      Level
   a - Sandblast                      Earth                        1
   b - Passwall                       Transmutation/Earth          2
   c - Stone Arrow                    Conjuration/Earth            3
   d - Petrify                        Transmutation/Earth          4
   e - Lee's Rapid Deconstruction     Earth                        5
 v - a book of Callings

   Spells                             Type                      Level
   a - Summon Small Mammal            Summoning                    1
   b - Call Imp                       Summoning                    2
   c - Call Canine Familiar           Summoning                    3
   d - Summon Guardian Golem          Hexes/Summoning              3
   e - Summon Lightning Spire         Summoning/Air                4
   f - Summon Ice Beast               Ice/Summoning                4
 B - a book of Cantrips

   Spells                             Type                      Level
   a - Confusing Touch                Hexes                        1
   b - Animate Skeleton               Necromancy                   1
   c - Summon Small Mammal            Summoning                    1
   d - Apportation                    Translocation                1
Comestibles
 d - 7 bread rations
 g - 2 chunks of flesh
 E - 11 royal jellies
 L - 2 meat rations


   Skills:
 - Level 5.0 Short Blades
 - Level 1.5 Dodging
 - Level 2.1 Stealth
 + Level 11.2 Spellcasting
 - Level 0.7 Transmutations
 + Level 14.2 Earth Magic


You had 21 spell levels left.
You knew the following spells:

 Your Spells              Type           Power        Failure   Level  Hunger
a - Sandblast             Erth           ######       0%          1    None
b - Stone Arrow           Conj/Erth      #####.       1%          3    None
c - Lee's Rapid Deconstr  Erth           ######....   1%          5    ####...
d - Passwall              Tmut/Erth      #####.....   1%          2    None


Dungeon Overview and Level Annotations

Branches:
Dungeon (11/15)            Temple (1/1) D:5            Lair (0/6) D:10
    Orc (0/2) D:9

Altars:
Ashenzari
Cheibriados
Dithmenos
Elyvilon
Fedhas
Gozag
Hepliaklqana
Kikubaaqudgha
Makhleb
Nemelex Xobeh
Okawaru
Qazlal
Ru
Sif Muna
Trog
Uskayaw
Vehumet
Wu Jian
Xom
Yredelemnul
Zin
The Shining One

Annotations:
D:7 MrVivor's ghost, novice HOFi


Innate Abilities, Weirdness & Mutations

You are resistant to torment.
Your stone body is resilient. (AC +8)
You are immune to poison.
You resist negative energy. (rN+)
You are resistant to electric shocks. (rElec)
You can survive without breathing.
You are immune to petrification.
You are immune to rotting.


Message History

Confirm with . or Enter, or press ? or * to list all spells.
Aiming: Sandblast
Press: ? - help, Shift-Dir - straight line, f/p - ogre mage
Aim: an ogre mage, wearing a robe (heavily wounded)
The blast of sand hits the ogre mage.
The ogre mage is almost dead.
b - 63 stones The ogre mage hits you but does no damage.
Casting: Sandblast
Confirm with . or Enter, or press ? or * to list all spells.
Aiming: Sandblast
Press: ? - help, Shift-Dir - straight line, f/p - ogre mage
Aim: an ogre mage, wearing a robe (severely wounded)
The blast of sand hits the ogre mage.
The ogre mage is almost dead.
b - 62 stones The ogre mage casts a spell at you.
The crystal spear hits you!
Ouch! That really hurt!
You die...

*,,*,,*,,,*,,,,,,*,*
*,,+,,*,,,+,,,,,,*.##
*,,*,,*****,,,,,,#..#
*,,*,,,,,,,,,,,,,#..#
*,,******#########..#
*,,,,,,,,.......!...######*
*,,,,,,,,.................*
+,,,,,,,,....?............*
**,,,,,,,......O@.........*
,*,******##...............*
,,,* #.....<.........* ≈≈,*
#########.......* ,≈≈**
*.......* ,≈≈≈* *.......*
,≈≈≈* *.......* ,,≈≈*
*.......* ,,,** *.......*


You could see an ogre mage.

Vanquished Creatures
  3 two-headed ogres
  An unseen horror (D:11)
  A gargoyle (D:10)
  A komodo dragon (D:10)
  A troll (D:11)
  12 yaks
  A steam dragon (D:8)
  Eustachio (D:4)
  A hungry ghost (D:10)
  Edmund (D:4)
  2 soldier ants (D:9)
  3 wargs (D:10)
  A water moccasin (D:7)
  A black bear (D:11)
  An orc warrior (D:9)
  A sky beast (D:6)
  An eye of draining (D:10)
  4 phantoms
  2 ice beasts
  3 ogres
  A necrophage (D:10)
  2 centaurs
  A crocodile (D:10)
  2 big kobolds
  3 bullfrogs
  A water moccasin zombie (D:6)
  A scorpion (D:8)
  8 killer bees
  3 howler monkeys (D:10)
  3 crimson imps
  4 hounds
  3 quasits
  A bullfrog zombie (D:10)
  2 centaur zombies
  5 orc priests
  A bullfrog skeleton (D:5)
  5 jellies
  An iron imp (D:8)
  3 iguanas
  9 orc wizards
  7 worker ants
  2 hound zombies (D:9)
  A worker ant zombie (D:7)
  7 gnolls
  14 adders
  A river rat (D:5)
  A shadow imp (D:4)
  An adder skeleton (D:10)
  3 worms
  7 leopard geckos
  30 orcs
  9 bats
  6 giant cockroaches
  7 goblins
  8 hobgoblins
  10 jackals
  2 quokkas
  2 ball pythons
  A ball python skeleton (D:6)
  3 frilled lizards
  2 hobgoblin zombies (D:8)
  11 kobolds
  A kobold skeleton (D:8)
  3 kobold zombies (D:8)
  An orc zombie (D:8)
  13 rats
254 creatures vanquished.

Vanquished Creatures (others)
  An orc wizard (D:11)
1 creature vanquished.

Grand Total: 255 creatures vanquished

Notes
Turn   | Place    | Note
-------+----------+-------------------------------------------
     0 | D:1      | kae the Gargoyle Earth Elementalist began the quest for the Orb.
     0 | D:1      | Reached XP level 1. HP: 10/10 MP: 3/3
   129 | D:1      | Reached XP level 2. HP: 15/15 MP: 0/5
   201 | D:1      | Reached skill level 4 in Earth Magic
   701 | D:2      | Reached XP level 3. HP: 16/19 MP: 6/6
   886 | D:2      | Noticed a phantom
   904 | D:2      | Killed a phantom
   904 | D:2      | Reached skill level 5 in Earth Magic
   904 | D:2      | Reached XP level 4. HP: 12/24 MP: 0/9
   904 | D:2      | Reached XP level 5. HP: 14/28 MP: 0/10
  1067 | D:2      | Found a glowing silver altar of Zin.
  1547 | D:3      | Found a deep blue altar of Sif Muna.
  1547 | D:3      | Found a sacrificial altar of Ru.
  1920 | D:3      | Reached skill level 6 in Earth Magic
  2050 | D:3      | Learned a level 3 spell: Stone Arrow
  2056 | D:3      | Learned a level 5 spell: Lee's Rapid Deconstruction
  2225 | D:4      | Reached XP level 6. HP: 25/32 MP: 10/12
  2248 | D:4      | Reached skill level 1 in Short Blades
  2271 | D:4      | Noticed Eustachio
  2287 | D:4      | Killed Eustachio
  2517 | D:4      | Found a burning altar of Makhleb.
  2519 | D:4      | Found a hide-covered altar of Uskayaw.
  2520 | D:4      | Found a hazy altar of Hepliaklqana.
  2520 | D:4      | Noticed Edmund
  2529 | D:4      | Reached XP level 7. HP: 28/36 MP: 9/14
  3613 | D:4      | Killed Edmund
  3613 | D:4      | Reached skill level 5 in Spellcasting
  3613 | D:4      | Reached skill level 7 in Earth Magic
  3757 | D:5      | Entered Level 5 of the Dungeon
  4022 | D:5      | Reached XP level 8. HP: 38/41 MP: 16/16
  4122 | D:5      | Found a staircase to the Ecumenical Temple.
  4207 | Temple   | Entered the Ecumenical Temple
  4297 | Temple   | Became a worshipper of Vehumet
  4645 | D:5      | Reached skill level 8 in Earth Magic
  4918 | D:5      | Found an opulent altar of Gozag.
  5300 | D:6      | Reached * piety under Vehumet
  5300 | D:6      | Offered knowledge of Flame Tongue by Vehumet.
  6219 | D:6      | Learned a level 2 spell: Passwall
  6276 | D:7      | Reached skill level 9 in Earth Magic
  6276 | D:7      | Reached XP level 9. HP: 42/45 MP: 14/18
  6571 | D:7      | Reached skill level 5 in Short Blades
  7268 | D:7      | Noticed MrVivor's ghost (novice HOFi)
  7625 | D:8      | Reached skill level 10 in Earth Magic
  7694 | D:8      | Noticed a two-headed ogre
  7810 | D:8      | Found a glowing golden altar of the Shining One.
  8010 | D:8      | Killed a two-headed ogre
  8010 | D:8      | Reached skill level 11 in Earth Magic
  8454 | D:9      | Reached XP level 10. HP: 50/50 MP: 20/22
  8464 | D:9      | Offered knowledge of Magic Dart by Vehumet.
  8493 | D:9      | Found a staircase to the Orcish Mines.
  8530 | D:9      | Reached ** piety under Vehumet
  8626 | D:9      | Noticed a two-headed ogre
  8630 | D:9      | Killed a two-headed ogre
  9065 | D:9      | Reached skill level 12 in Earth Magic
  9332 | D:10     | Entered Level 10 of the Dungeon
  9333 | D:10     | Identified a scroll of acquirement
  9334 | D:10     | Got a slimy amber ring
  9336 | D:10     | Identified the ring "Xuyqia" {Wiz rElec rPois rN+ Dex-2} (You acquired it on level 10 of the Dungeon)
  9371 | D:10     | Noticed a gargoyle
  9388 | D:10     | Killed a gargoyle
  9852 | D:10     | Found a sacrificial altar of Ru.
  9875 | D:10     | Reached skill level 10 in Spellcasting
 10157 | D:10     | Offered knowledge of Throw Flame by Vehumet.
 10157 | D:10     | Reached skill level 13 in Earth Magic
 10157 | D:10     | Reached XP level 11. HP: 54/54 MP: 15/25
 10236 | D:10     | Found a staircase to the Lair.
 10332 | D:10     | Reached *** piety under Vehumet
 10539 | D:10     | Noticed a two-headed ogre
 10543 | D:10     | Killed a two-headed ogre
 10928 | D:10     | Offered knowledge of Conjure Flame by Vehumet.
 11549 | D:11     | Killed an unseen horror
 11549 | D:11     | Reached skill level 14 in Earth Magic
 11609 | D:11     | Noticed a cyclops
 11699 | D:11     | Noticed an ogre mage
 11704 | D:11     | Killed from afar by an ogre mage

Vault maps used:
D:1:      matt_arrival_grand_opening
D:2:      lemuel_coloured_pillars_altar, first_bread, minivault_23, minivault_26
D:3:      chequers_temple_overflow_statue_of_worship, kennysheep_cluttered_room
D:4:      grunt_temple_overflow_open, hangedman_abyss_or_decor_jellyfish_corner,
          uniq_edmund, uniq_eustachio
D:5:      marbit_many_paths, minmay_temple_entry_overgrown,
          gup_sewer_entry_spiral
D:6:      cheibrodos_quashed
D:8:      nicolae_tso_besieged_by_evil
D:9:      david_orc_3, hangedman_pestilent_swarm, kennysheep_generic_room_8
D:10:     erik_lair_orcish_takeover, abandoned_shop,
          nicolae_ru_sacrificial_ziggurat
D:11:     serial_column_ruins, column_ruins_hut_ruined, column_ruins_grid_1,
          column_ruins_open_small_water, column_ruins_grid_1,
          portal_ice_cave_entry_pillars_1, jmf_multi_god_temple2
Temple:   eino_temple_water

Skill      XL: |  1  2  3  4  5  6  7  8  9 10 11 |
---------------+----------------------------------+-----
Earth Magic    | 4 5 6 7 9 11 13 14 | 14.2
Spellcasting   | 3 4 5 6 8 10 11 | 11.2
Short Blades   | 2 3 4 5 |  5.0
Dodging        | |  1.5
Stealth        | |  2.1
Transmutations | |  0.7

Action                   |  1- 3 |  4- 6 |  7- 9 | 10-12 || total
-------------------------+-------+-------+-------+-------++-------
Melee: Unarmed           |    40 |       |       |       ||    40
       Club              |    41 |       |       |       ||    41
       Dagger            |     9 |    78 |   236 |   150 ||   473
 Cast: Sandblast         |    25 |    24 |    91 |   101 ||   241
       Stone Arrow       |       |       |    30 |    53 ||    83
       Passwall          |       |       |     1 |       ||     1
       Lee's Rapid Decon |       |       |       |     6 ||     6
  Use: Scroll            |     3 |     7 |    12 |     5 ||    27
       Potion            |       |       |     1 |     1 ||     2
 Stab: Sleeping          |     4 |     3 |     5 |     3 ||    15
       Distracted        |       |       |     1 |       ||     1
  Eat: Chunk             |       |     5 |    12 |    13 ||    30
       Royal jelly       |       |       |     1 |       ||     1
       Meat ration       |       |       |     1 |       ||     1
Armor: Robe              |    32 |    36 |   137 |   111 ||   316
Dodge: Dodged            |    84 |    68 |   186 |   147 ||   485

Table legend:
 A = Spawn XP
 B = Non-spawn XP
 C = Spawn XP percentage of total XP
 D = Spawn monster count
 E = Non-spawn monster count
 F = Spawn count percentage of total count
 G = Total turns spent on level
                    A         B        C        D         E        F      G
               +---------+---------+-------+---------+---------+-------+---------
         Total |       0 |   14769 |   0.0 |       0 |     255 |   0.0 | 11704
               +---------+---------+-------+---------+---------+-------+---------
           D:1 |       0 |      31 |   0.0 |       0 |      22 |   0.0 |   686
           D:2 |       0 |     182 |   0.0 |       0 |      20 |   0.0 |   861
           D:3 |       0 |     131 |   0.0 |       0 |      20 |   0.0 |   754
           D:4 |       0 |     591 |   0.0 |       0 |      21 |   0.0 |  1479
           D:5 |       0 |     631 |   0.0 |       0 |      30 |   0.0 |  1130
           D:6 |       0 |     714 |   0.0 |       0 |      16 |   0.0 |  1222
           D:7 |       0 |     651 |   0.0 |       0 |      10 |   0.0 |  1312
           D:8 |       0 |    1714 |   0.0 |       0 |      26 |   0.0 |   893
           D:9 |       0 |    1932 |   0.0 |       0 |      25 |   0.0 |   885
          D:10 |       0 |    6092 |   0.0 |       0 |      48 |   0.0 |  2128
          D:11 |       0 |    2100 |   0.0 |       0 |      17 |   0.0 |   244
               +---------+---------+-------+---------+---------+-------+---------
